 Dungeon Crawl Stone Soup version 0.31-a0-150-g89dc3ad700 (webtiles) character file.

Game seed: 971222909726081615

201 Moral the Gusty (level 5, -13/42 HPs)
             Began as a Naga Air Elementalist on June 9, 2023.
             Was an Initiate of Cheibriados.
             Mangled by an ogre
             ... wielding a +0 giant club
              (29 damage)
             ... on level 4 of the Dungeon.
             The game lasted 00:25:39 (3866 turns).

Moral the Gusty (Naga Air Elementalist)             Turns: 3866, Time: 00:25:39

Health: -13/42     AC: 11    Str: 12    XL:     5   Next: 79%
Magic:  10/10      EV: 10    Int: 18    God:    Cheibriados [......]
Gold:   196        SH:  0    Dex: 12    Spells: 9/10 levels left

rFire   . . .        j - +7 dagger (protect)
rCold   . . .        (no shield)
rNeg    . . .        a - +0 robe
rPois   +            l - +0 helmet
rElec   .            (no cloak)
rCorr   .            k - +0 pair of gloves
SInv    +            (no barding)
Will    .....        e - amulet of magic regeneration
Stlth   ++           (no ring)
HPRegen 0.27/turn    (no ring)
MPRegen 0.52/turn

%: no passive effects
@: about to teleport, short of breath, under a protective aura, very slow
A: AC +1, large, see invisible, deformed body, poison resistance, slowness 2,
spit poison 1, naga tail 1
a: Spit Poison, Renounce Religion


You were on level 4 of the Dungeon.
You worshipped Cheibriados.
Cheibriados was noncommittal.
You visited 2 branches of the dungeon, and saw 5 of its levels.

You collected 196 gold pieces.

Inventory:

Hand Weapons
 j - a +7 dagger of protection (weapon)
Armour
 a - a +0 robe (worn)
 k - a +0 pair of gloves (worn)
 l - a +0 helmet (worn)
Jewellery
 e - an amulet of magic regeneration (around neck)
Scrolls
 h - a scroll of enchant armour {unknown}
 i - a scroll of fog
Potions
 b - a potion of magic
 c - a potion of attraction
 d - 2 potions of heal wounds
 f - 2 potions of haste {unknown}
 n - a potion of enlightenment
 o - 2 potions of invisibility


   Skills:
 * Level 1.0 Short Blades
 + Level 1.7 Dodging
 + Level 3.6 Stealth
 * Level 3.4 Spellcasting
 - Level 1.2 Conjurations
 * Level 4.8 Air Magic


You had 9 spell levels left.
You knew the following spells:

 Your Spells              Type           Power      Damage    Failure   Level
a - Shock                 Conj/Air       56%        1d6       4%          1

Your spell library contained the following spells:

 Spells                   Type           Power      Damage    Failure   Level
 Swiftness                Air            20%        N/A       6%          3
 Static Discharge         Conj/Air       28%        2-4/arc   7%          2
 Sandblast                Erth           6%         2d5       16%         1
 Vhi's Electric Charge    Tloc/Air       22%        N/A       17%         3
 Momentum Strike          Conj/Tloc      10%        3d8       19%         2
 Airstrike                Air            10%        2d(2-18)  22%         4
 Passwall                 Tmut/Erth      2%         N/A       24%         2
 Dazzling Flash           Conj/Hex       10%        N/A       36%         3
 Stone Arrow              Conj/Erth      10%        3d7       36%         3
 Fulminant Prism          Conj/Hex       2%         3d5       77%         4
 Arcjolt                  Conj/Air       7%         1d17      77%         5
 Freezing Cloud           Conj/Ice/Air   5%         6-21      88%         5
 Plasma Beam              Fire/Air       5%         2x1d16    100%        6


Dungeon Overview and Level Annotations

Branches:
Dungeon (4/15)             Temple (1/1) D:4

Altars:
Cheibriados
Okawaru
Qazlal
Trog
Yredelemnul

Annotations:
D:3 2 transporters
D:4 Sigmund


Innate Abilities, Weirdness & Mutations

Your serpentine skin is tough. (AC +1)
You have supernaturally acute eyesight. (SInv)
Armour fits poorly on your strangely shaped body.
Your system is resistant to poisons. (rPois)
You cover ground very slowly.
You can spit poison.
You have a snake-like lower body.


Message History

An ogre comes into view. It is wielding a +0 giant club.
Aiming: Spit Poison (1% risk of failure)
Press: ? - help, Shift-Dir - straight line, f - ogre
Aim: an ogre, wielding a +0 giant club (asleep, 100% to hit)
The splash of poison hits the ogre.
The ogre is poisoned.
The ogre is lightly wounded.
The ogre shouts!
Aiming: Shock (safe; 4% risk of failure)
Press: ? - help, Q - select action, (/) - cycle Shift-Dir - straight line, f/p - ogre
Aim: an ogre, wielding a +0 giant club (lightly wounded, poisoned, 86% to hit)
The zap hits the ogre.
The ogre is moderately wounded.
The zap hits the ogre.
The ogre is moderately wounded.
Unknown command.
Aiming: Shock (safe; 4% risk of failure)
Press: ? - help, Q - select action, (/) - cycle Shift-Dir - straight line, f/p - ogre
Aim: an ogre, wielding a +0 giant club (heavily wounded, poisoned, 86% to hit)
That beam is likely to hit you.
Continue anyway?
Okay, then.
Aiming: Shock (safe; 4% risk of failure)
Press: ? - help, Q - select action, (/) - cycle Shift-Dir - straight line, f/p - ogre
Aim: an ogre, wielding a +0 giant club (heavily wounded, poisoned, 86% to hit)
That beam is likely to hit you.
Continue anyway?
Okay, then.
Aiming: Shock (safe; 4% risk of failure)
Press: ? - help, Q - select action, (/) - cycle Shift-Dir - straight line, f/p - ogre
Aim: an ogre, wielding a +0 giant club (heavily wounded, poisoned, 86% to hit)
That beam is likely to hit you.
Continue anyway?
Okay, then.
You hit the ogre.
Your weapon exudes an aura of protection.
The ogre is heavily wounded.
The ogre hits you with a +0 giant club!!
Ouch! That really hurt!
As you read the scroll of teleportation, it crumbles to dust.
You feel strangely unstable.
The ogre hits you with a +0 giant club!!
Ouch! That really hurt!
You die...

##### ...#
###.#############
#.O@.>.....†....####
#.#.###########.....
.....# ########
###.### #....... #.
#.#####. # #.###...
#######.##....
#.......##....
#.......##....


You could see an ogre (poisoned).

Vanquished Creatures
  2 orc priests (D:4)
  5 adders
  A worm (D:2)
  3 dart slugs
  7 orcs
  9 ball pythons
  11 endoplasms
  4 goblins
  6 hobgoblins
  3 jackals (D:4)
  8 kobolds
  5 quokkas
  5 bats
  4 frilled lizards
  6 rats
79 creatures vanquished.

Notes
Turn   | Place    | Note
-------+----------+-------------------------------------------
     0 | D:1      | Moral the Naga Air Elementalist began the quest for the
                  | Orb.
     0 | D:1      | Reached XP level 1. HP: 15/15 MP: 3/3
    99 | D:1      | Reached XP level 2. HP: 22/22 MP: 0/5
   581 | D:1      | Reached XP level 3. HP: 28/28 MP: 3/6
   892 | D:1      | Reached skill level 4 in Air Magic
  1343 | D:2      | Found a faded altar of an unknown god.
  1461 | D:2      | Reached XP level 4. HP: 36/36 MP: 0/7
  2127 | D:3      | Found a transporter.
  2151 | D:3      | Found a transporter.
  2521 | D:3      | Found a bloodstained altar of Trog.
  2707 | D:3      | Reached XP level 5. HP: 42/42 MP: 5/9
  2827 | D:3      | Found an iron altar of Okawaru.
  3169 | D:4      | Found a staircase to the Ecumenical Temple.
  3180 | D:4      | Got Gahel's Meditations on Kinetic Astrapomancy
  3227 | Temple   | Entered the Ecumenical Temple
  3248 | Temple   | Became a worshipper of Cheibriados the Contemplative
  3522 | D:4      | Reached skill level 1 in Short Blades
  3641 | D:4      | Noticed Sigmund
  3862 | D:4      | Noticed an ogre
  3866 | D:4      | Mangled by an ogre

Illustrated notes

Levels and vault maps discovered:
D:1:      dpeg_arrival_round_c, layout_loops_ring, serial_forest,
          infiniplex_forest_lined_3, infiniplex_forest_straight_1,
          infiniplex_forest_end_3, infiniplex_forest_corner_1
D:2:      layout_rooms, ebering_ecumenical_altar_hall, grunt_ministairs_13
D:3:      gammafunk_steamed_eel, layout_basic, trog_three_pillars_becter,
          lemuel_doored_altar, st_stairs_10
D:4:      layout_loops_cross, temple_green, sigmund_edmund_badplayer
Temple:   minmay_crystal_spiral_temple

Skill      XL: |  1  2  3  4  5 |
---------------+----------------+-----
Air Magic      | 4 |  4.8
Spellcasting   | 3 |  3.4
Short Blades   | 1 |  1.0
Dodging        | |  1.7
Stealth        | |  3.6
Conjurations   | |  1.2

Action                     |  1- 3 |  4- 6 || total
---------------------------+-------+-------++-------
  Melee: Dagger            |    10 |    24 ||    34
   Cast: Shock             |    67 |    74 ||   141
Ability: Spit Poison       |    19 |    12 ||    31
    Use: Scroll            |       |    14 ||    14
 Armour: Robe              |    16 |     9 ||    25
  Dodge: Dodged            |    16 |    13 ||    29

Table legend: (Time is in decaauts)
 A = Elapsed time spent in this place.
 B = Non-inter-level travel time spent in this place.
 C = Inter-level travel time spent in this place.
 D = Time resting spent in this place.
 E = Time spent auto-exploring this place.
 F = Levels seen in this place.
 G = Mean time per level.
                   A        B        C        D        E       F      G
               +--------+--------+--------+--------+--------+-----+--------+
         Total |   4961 |   4814 |    147 |    345 |   3503 |   5 |  992.2 |
       Dungeon |   4906 |   4759 |    147 |    345 |   3503 |   4 | 1226.5 |
        Temple |     55 |     55 |      0 |      0 |      0 |   1 |   55.0 |
               +--------+--------+--------+--------+--------+-----+--------+

Top non-repeatable levels by time:
     D:3: 1488 daAuts
     D:1: 1436 daAuts
     D:4: 1008 daAuts
     D:2: 972 daAuts
  Temple: 55 daAuts
